Cogmind - Beta 16 @@@ ROGUE MODE // 2026.01.09 @ 13:30:00 Player: War__Prophet Result: Destroyed by S-10 Pest with Light Assault Rifle Performance ------------- Evolutions (2) 1000 Regions Visited (3) 600 Robots Destroyed (49) 245 Value Destroyed (940) 940 Prototype IDs (0) 0 Alien Tech Used (0) 0 Bonus (0) 0 TOTAL SCORE: 2785 Bonus ------- None Cogmind --------- Core Integrity 0/550 Matter 274/300 Energy 62/100 System Corruption 25% Temperature Cool (2) Movement Flying (35) Location -8/Materials Parts ------- > --- POWER (2) -------- (None) > --- PROPULSION (4) --- Cesium-ion Thruster > --- UTILITY (3) ------ (None) > --- WEAPON (2) ------- Mining Claw > --- INVENTORY (5) ---- Ion Engine Ion Engine Light Nuclear Core Medium Storage Unit Weight Redist. System Peak State ------------ > --- POWER ------------ Ion Engine > --- PROPULSION ------- Wheel Wheel Compact Wheel Compact Wheel > --- UTILITY ---------- Small Storage Unit Huge Storage Unit Light Armor Plating > --- WEAPON ----------- Heavy Assault Rifle Shock Bomb Launcher > --- INVENTORY -------- Ion Engine Ion Engine Ion Engine Improved Ion Engine Improved Ion Engine Light Nuclear Core Compact Wheel Cesium-ion Thruster Cesium-ion Thruster Cesium-ion Thruster Cesium-ion Thruster Surge Thruster Surge Thruster Surge Thruster Surge Thruster Heat Sink Medium Storage Unit Medium Storage Unit Huge Storage Unit Weight Redist. System Improved Targeting Computer Improved Targeting Computer Power Shielding Improved Weapon Shielding Light Assault Rifle [Rating: 18] Favorites ----------- Power Light Ion Engine Engine Light Ion Engine Propulsion Wheel Leg Carbon-fiber Leg Wheel Wheel Flight Unit Cesium-ion Thruster Utility Small Storage Unit Storage Small Storage Unit Protection Light Armor Plating Weapon Assault Rifle Ballistic Gun Assault Rifle Ballistic Cannon Light Cannon Launcher Grenade Launcher Slashing Weapon Mining Claw Build | -11 -10 -9 -8 ------- Run | Yrd Mat Mat Mat Slots Evolved 4 | . . 2 2 Power 1 | . . . 1 Propulsion 2 | . . 2 . Utility 1 | . . . 1 Weapon . | . . . . Parts Attached 30 | 5 2 11 12 Power 3 | 1 . 2 . Engine 3 | 1 . 2 . Core . | . . . . Reactor . | . . . . Propulsion 15 | 2 . 5 8 Treads . | . . . . Leg 2 | . . . 2 Wheel 12 | 2 . 5 5 Hover . | . . . . Flight 1 | . . . 1 Utility 4 | 1 1 . 2 Device . | . . . . Storage 2 | 1 1 . . Processor . | . . . . Hackware . | . . . . Protection 2 | . . . 2 Artifact . | . . . . Weapon 8 | 1 1 4 2 Energy Gun . | . . . . Energy Cannon . | . . . . Ballistic Gun 3 | 1 . 2 . Ballistic Cannon 1 | . . 1 . Launcher 3 | . 1 1 1 Special Weapon . | . . . . Impact Weapon . | . . . . Slashing Weapon 1 | . . . 1 Piercing Weapon . | . . . . Special Melee Weapon . | . . . . Unidentified Prototypes . | . . . . Corrupted Parts 5 | . . . 5 System Corruption 24 | . . . 24 Parts Lost 22 | . 1 6 15 Power 2 | . . 1 1 Propulsion 13 | . 1 2 10 Utility 2 | . . . 2 Weapon 5 | . . 3 2 Highest Loss Streak 14 | . 1 2 14 To Critical Strikes 1 | . . . 1 Average Backups 12 | . 5 17 22 Power 3 | . 1 3 5 Propulsion 2 | . . 1 7 Utility 5 | . 1 10 8 Weapon 1 | . 2 1 1 Tool/Special . | . . . . Unused Backups 35 | . 3 10 22 Power 6 | . . . 6 Propulsion 9 | . 2 . 7 Utility 19 | . 1 10 8 Weapon 1 | . . . 1 Tool/Special . | . . . . Average Slot Usage (%) 81 | . 89 76 75 Engine 11 | . 14 10 7 Wheel 21 | . 18 21 27 Storage 23 | . 27 22 16 Ballistic Gun 12 | . 14 12 10 Ballistic Cannon 3 | . . 7 . Launcher 7 | . 13 1 5 Peak Build Rating 18 | 5 7 14 18 Average Rating 8 | 4 6 9 14 On Entrance 6 | . 5 6 14 Avg Prop Armor Cover (%) 7 | . . . 7 Naked Turns . | . . . . Heaviest Build 102 | 10 93 94 102 Greatest Support 52 | 20 20 52 52 Greatest Overweight (x) 9 | . 9 9 8 Average Overweight (x) 3 | . 5 4 1 Largest Inventory Capacity 25 | 8 25 25 25 Average Capacity 24 | 7 24 25 23 Most Carried 25 | 1 8 24 25 Average Carried 13 | . 5 17 23 Final Capacity 25 | 8 25 25 5 Final Carried 22 | 1 8 22 5 Class Distribution -------------------- 78% | Mutant 21% | Scavenger-Mutant Dominant Class ---------------- Mutant | -10/Materials Mutant | -9/Materials Scavenger-Mutant | -8/Materials Resources | -11 -10 -9 -8 ----------- Run | Yrd Mat Mat Mat Matter Collected 919 | 208 10 554 147 Remotely . | . . . . Salvage Created 1510 | . 90 747 673 Parts 115 | . 13 46 56 Haulers Intercepted 3 | . . 1 2 Recyclers Shooed 2 | . . 2 . Parts Field Recycled . | . . . . Retrieved Matter . | . . . . Parts Self-Destructed . | . . . . Prevented . | . . . . Parts Restored . | . . . . Kills | -11 -10 -9 -8 ------- Run | Yrd Mat Mat Mat Combat Hostiles Destroyed 30 | . 8 12 10 Guns 11 | . 1 7 3 Cannons 3 | . . 3 . AOE 16 | . 7 2 7 Classes Destroyed 11 | . 3 6 2 Worker 3 | . . 2 1 Builder 5 | . . . 5 Tunneler 2 | . . 1 1 Hauler 3 | . . 1 2 Recycler 5 | . . 3 2 Watcher 1 | . 1 . . Swarmer 13 | . 6 . 7 Grunt 12 | . 2 8 2 Brawler 1 | . . 1 . Sentry 3 | . . 3 . Hunter 1 | . . . 1 Best Kill Streak 13 | . 3 5 13 Combat Bots Only 4 | . 3 3 4 Max Kills in Single Turn 4 | . 2 2 4 Gunslinging . | . . . . Exploded 3 | . 2 1 3 Melee . | . . . . Uniques/NPCs Destroyed . | . . . . Combat | -11 -10 -9 -8 -------- Run | Yrd Mat Mat Mat Hostile Shots Fired 296 | . 37 55 204 Missed 122 | . 9 17 96 Hits 174 | . 28 38 108 Projectile 174 | . 28 38 108 Critical Strikes 4 | . . 1 3 Damage Taken 2382 | . 304 514 1564 Core 697 | . 48 94 555 Absorbed by Shields . | . . . . Core Remaining (%) 85 | 100 80 76 . Volleys Fired 66 | . 14 39 13 Largest 2 | . 2 2 2 Hottest 59 | . 50 53 59 Shots Fired 128 | . 25 77 26 Gun 74 | . 14 47 13 Cannon 26 | . . 26 . Launcher 28 | . 11 4 13 Special . | . . . . Kinetic 100 | . 14 73 13 Thermal . | . . . . Explosive 15 | . 11 4 . Electromagnetic 13 | . . . 13 Robot Hit Streak 7 | . 7 6 6 Robot Miss Streak 2 | . 2 2 1 Penetration Max . | . . . . Secondary Targets 1 | . . 1 . Max Gunslinging Chain 1 | . . 1 . Shots Hit Robots 84 | . 14 52 18 Core Hits 72 | . 12 28 32 Critical Kills . | . . . . Critical Parts Destroyed . | . . . . Critical Strikes . | . . . . Melee Attacks . | . . . . Impact . | . . . . Slashing . | . . . . Piercing . | . . . . Sneak Attacks . | . . . . Combat Hostiles . | . . . . Follow-up Attacks . | . . . . Damage Inflicted 2660 | . 609 881 1170 Guns 725 | . 113 459 153 Cannons 289 | . . 289 . Explosions 1646 | . 496 133 1017 Melee . | . . . . Ramming . | . . . . Kinetic 1014 | . 113 748 153 Thermal 259 | . . . 259 Explosive 629 | . 496 133 . Electromagnetic 758 | . . . 758 Impact . | . . . . Slashing . | . . . . Piercing . | . . . . Highest Corruption 25 | . . . 25 Average Corruption 6 | . . . 6 Corruption Purged . | . . . . Corruption Blocked . | . . . . Effects 6 | . . . 6 Message Errors 2 | . . . 2 Matter Fused 1 | . . . 1 Energy Discharges 1 | . . . 1 Misdirections 2 | . . . 2 Overload Shots . | . . . . Overflow Damage 41 | . 6 16 19 Projectiles 16 | . . 16 . Explosions 25 | . 6 . 19 Melee . | . . . . Knockbacks 2 | . . 2 . Impact . | . . . . Kinetic 2 | . . 2 . Secondary . | . . . . Self-Inflicted Damage 215 | . 38 37 140 Shots 12 | . 1 2 9 Rammed . | . . . . Targets Rammed . | . . . . Kicked . | . . . . Crushed . | . . . . Highest Temperature 25 | . 14 20 25 Average Temperature 8 | . 8 5 11 Received Heat Transfer 444 | . 57 216 171 Siege Activations . | . . . . Martial Activations . | . . . . Shielding Activations . | . . . . Robots Disrupted . | . . . . Combat Hostiles . | . . . . Robots Corrupted . | . . . . Combat Hostiles . | . . . . Parts Fried 2 | . . . 2 Impact Corruptions . | . . . . Robots Melted . | . . . . Combat Hostiles . | . . . . Parts Melted 1 | . . . 1 Heat Transferred 550 | . . . 550 Parts Sabotaged . | . . . . Parts Stolen . | . . . . Parts Stripped . | . . . . Power Chain Reactions 7 | . . . 7 Alert | -11 -10 -9 -8 ------- Run | Yrd Mat Mat Mat Maximum Alert Level 1 | . . . 1 Low Security (%) 99 | 100 100 100 93 Level 1 . | . . . 6 Level 2 . | . . . . Level 3 . | . . . . Level 4 . | . . . . Level 5 . | . . . . High Security . | . . . . Max Security . | . . . . Peak Influence 236 | . 135 112 236 Initial 30 | . . . 30 Average 50 | . 43 40 108 Influence Increases 1054 | . 275 378 401 Destroy 0b10 Robot/C 600 | . 160 240 200 Destroy 0b10 Robot/NC 95 | . 5 35 55 Destroy Leader 138 | . 32 72 34 Successful Hack 17 | . 12 5 . Disable Machine 45 | . . . 45 Destroy Structure 114 | . 66 26 22 Lose Combat Pursuer 45 | . . . 45 Influence Decreases 913 | . 275 305 333 Entered New Map 43 | . . . 43 Time Decay 670 | . 265 265 140 Lost Part 200 | . 10 40 150 Squads Dispatched 6 | . . 2 4 Investigation 1 | . . 1 . Extermination . | . . . . Reinforcement 5 | . . 1 4 Assault . | . . . . Garrison . | . . . . Intercept . | . . . . Searches Triggered . | . . . . Construction Impeded 1 | . . . 1 Haulers Reinforced . | . . . . Active Scanning Responses . | . . . . Cargo Convoy Interrupts . | . . . . Stealth | -11 -10 -9 -8 --------- Run | Yrd Mat Mat Mat Distress Signals 1 | . . . 1 Communications Jammed . | . . . . Distress Signals . | . . . . Times Spotted 52 | . 9 16 27 Peak Tracking Total 17 | . 4 3 17 Tactical Retreats 1 | . . . 1 Traps | -11 -10 -9 -8 ------- Run | Yrd Mat Mat Mat Traps Triggered 1 | . . 1 . Indirectly . | . . . . Trap Hack Attempts . | . . . . Triggered . | . . . . Disarmed . | . . . . Reprogrammed . | . . . . Reused . | . . . . Traps Extracted . | . . . . Installed . | . . . . Triggered . | . . . . Machines | -11 -10 -9 -8 ---------- Run | Yrd Mat Mat Mat Machines Disabled 3 | . . . 3 Max in Single Turn 2 | . . . 2 Machines Repaired . | . . . . Machines Dismantled . | . . . . Machines Sabotaged . | . . . . Overloaded Fab Kills . | . . . . Hacking | -11 -10 -9 -8 --------- Run | Yrd Mat Mat Mat Machines Accessed 7 | . 5 2 . Terminals 6 | . 5 1 . Fabricators . | . . . . Repair Stations . | . . . . Recycling Units . | . . . . Scanalyzers 1 | . . 1 . Garrison Access . | . . . . Total Hacks 11 | . 6 5 . Successful 8 | . 5 3 . Failed 2 | . 1 1 . Catastrophic . | . . . . Database Lockouts 1 | . . 1 . Manual 7 | . 6 1 . Terminals 7 | . 6 1 . Fabricators . | . . . . Repair Stations . | . . . . Recycling Units . | . . . . Scanalyzers 4 | . . 4 . Garrison Access . | . . . . Terminal Hacks . | . . . . Fabricator Hacks . | . . . . Repair Station Hacks . | . . . . Recycling Unit Hacks . | . . . . Scanalyzer 2 | . . 2 . Retrieve Study 2 | . . 2 . Garrison Access Hacks . | . . . . Unauthorized Hacks 6 | . 5 1 . Terminals 6 | . 5 1 . Botnet 1 | . . 1 . Skim 5 | . 5 . . Fabricators . | . . . . Repair Stations . | . . . . Recycling Units . | . . . . Scanalyzers . | . . . . Garrison Access . | . . . . Data Cores Recovered . | . . . . Used . | . . . . Hacking Detections 1 | . . 1 . Full Trace Events . | . . . . Feedback Events . | . . . . Feedback Blocked . | . . . . Robot Schematics Acquired . | . . . . Robots Built . | . . . . Authchips . | . . . . Time . | . . . . Total Robot Build Rating . | . . . . Part Schematics Acquired . | . . . . Parts Built . | . . . . Authchips . | . . . . Time . | . . . . Total Part Build Rating . | . . . . Part Studies Acquired . | . . . . Parts Repaired . | . . . . Time . | . . . . Parts Recycled . | . . . . Recycled Matter . | . . . . Retrieved Matter . | . . . . Retrieved Components . | . . . . Parts Scanalyzed . | . . . . Part Schematics Acquired . | . . . . Parts Damaged . | . . . . Bothacking | -11 -10 -9 -8 ------------ Run | Yrd Mat Mat Mat Used RIF Installer . | . . . . Robots Hacked . | . . . . Non-combat . | . . . . Combat . | . . . . Robot Hacks Applied . | . . . . Relay Couplers Released . | . . . . Fabnet Peak Effective % . | . . . . Robots Rewired . | . . . . Allies Hacked . | . . . . Hacks Repelled . | . . . . Allies | -11 -10 -9 -8 -------- Run | Yrd Mat Mat Mat Total Allies . | . . . . Largest Group . | . . . . Highest-Rated Group . | . . . . Highest-Rated Ally . | . . . . Total Orders . | . . . . Ally Attacks . | . . . . Total Damage . | . . . . Kills . | . . . . Allies Corrupted . | . . . . Allies Melted . | . . . . Intel | -11 -10 -9 -8 ------- Run | Yrd Mat Mat Mat Active Infowar (turns) . | . . . . Robot Analysis Total . | . . . . Derelict Logs Recovered . | . . . . Drone Launches . | . . . . Drone Recoveries . | . . . . Exploration | -11 -10 -9 -8 ------------- Run | Yrd Mat Mat Mat Turns Passed 2004 | 49 825 837 293 Spaces Moved 972 | 51 256 459 206 Core 1 | 1 . . . Treads . | . . . . Legs . | . . . . Wheels 927 | 50 256 459 162 Hover . | . . . . Flight 44 | . . . 44 Fastest Speed 35 | 50 80 105 35 Average Speed 136 | 79 159 145 99 Slowest Speed 215 | 80 215 215 200 Overloaded Moves . | . . . . Propulsion Burnouts . | . . . . Robots Hopped 3 | . . . 3 Potential Cave-ins . | . . . . Cave-ins Triggered . | . . . . Exploration Rate (%) 28 | 3 53 33 25 Regions Visited 3 Branch Regions . Pre-discovered Areas 1 | . 1 . . Known Exits Taken 1 | . 1 . . Unknown Exits Taken 2 | 1 . 1 . Scrap Searched . | . . . . Spaces Dug . | . . . . Terrain Destroyed 133 | . 80 31 22 Melee . | . . . . Projectile . | . . . . AOE 133 | . 80 31 22 Terrain Rammed . | . . . . Walls Destroyed . | . . . . Machines Disabled . | . . . . Actions | -11 -10 -9 -8 --------- Run | Yrd Mat Mat Mat Total 1522 | 56 649 555 262 Wait 392 | . 362 5 25 Move 963 | 50 255 458 200 Hop 3 | . . . 3 Pick Up 45 | 1 11 29 4 Fast Attach 20 | 5 1 6 8 Attach 9 | . 2 4 3 Detach 3 | . 1 1 1 Swap 3 | . . 1 2 Drop 18 | . 3 12 3 Fire 66 | . 14 39 13 Melee . | . . . . Ram . | . . . . Kick . | . . . . Crush . | . . . . Escape Stasis . | . . . . Rewire . | . . . . Trap . | . . . . Miscellaneous . | . . . . Route ------- -11/Scrapyard -10/Materials (discovered 5 exits: *Mat x3 / [*Min] / Sub) -9/Materials (discovered 3 exits: [*Mat] / Min x2) -8/Materials History --------- Turn | Location | Event 2 | -11/Scrapyard | Met Revision 17 27 | -11/Scrapyard | Discovered new exit (range 15) 50 | -11/Scrapyard | Entered Materials 276 | -10/Materials | Discovered new exit (range 8) 311 | -10/Materials | Build established: Mutant 497 | -10/Materials | Identified exit to Materials 497 | -10/Materials | Identified exit to Subcaves 546 | -10/Materials | Learned location of Mines (-10) 587 | -10/Materials | Loaded intel: 24 non-interactive machine locations 619 | -10/Materials | Learned location of 2 exits from Mines 716 | -10/Materials | Learned Storage emergency access door positions 875 | -10/Materials | Entered another Materials area 875 | -9/Materials | Evolved 2 slots: Propulsion x2 876 | -9/Materials | Identified exit to Mines 1665 | -9/Materials | Central database locked down 1678 | -9/Materials | Discovered new exit (range 16) 1712 | -9/Materials | Entered another Materials area 1712 | -8/Materials | Evolved 2 slots: Power x1, Utility x1 1810 | -8/Materials | Build established: Scavenger-Mutant 1960 | -8/Materials | System corruption reached 10% 1976 | -8/Materials | Core integrity fell below 50% 1987 | -8/Materials | Core integrity fell below 20% 2005 | -8/Materials | Destroyed by S-10 Pest with Light Assault Rifle Last Messages --------------- 01979_ Acquired Corrupted Wheel. 01979_ Integrated Corrupted Wheel (+3). 01979_ T-07 Excavator destroyed. 01979_ K-01 Serf destroyed. 01980_ Wheel destroyed. 01982_ Acquired Corrupted Wheel. 01982_ Integrated Corrupted Wheel (+3). 01982_ Complication: Com. Wheel rejected. 01984_ Wheel destroyed. 01987_ U-05 Engineer destroyed. 01987_ S-10 Pest destroyed. 01988_ Dropped Huge Storage Unit. 01990_ Acquired 18 matter. 01993_ System corrupted: Matter fused (-5). 01996_ O-16 Technician uses terminal to summon reinforcements. 01996_ ALERT: Hostiles spotted, dispatching reinforcements to Terminal M011. 01996_ O-16 Technician locks terminal. 01998_ Acquired Mining Claw. Map ----- +----------------------------------------------------+ | | | | | | | ???????????????????????????????????????????? | | ???????????????????????????????????????????? | | ???????????????????????????????????????????? | | ???????????????????????????????????????????? | | ???????????????????????????????????????????? | | ???????????????????????????????????????????? | | ???????????????????????????????????????????? | | ???????????????????????????????????????????? | | ???????????????????????????????????????????? | | ???????????????????????????????????????????? | | ???????????????????????????????????????????? | | ???????????????????#####???????????????????? | | ??????????????????? ???????????????????? | | ??????????????????? ????????????????????? | | ??????????????????+ ????????????????????? | | ??????????????????# #????????????????????? | | ??????????????????# #????????????????????? | | ??????????????????# #????????????????????? | | ??????????????????#k #????????????????????? | | ??????????????????# #????????????????????? | | ??????????????????# #????????????????????? | | ??????????######?## ##???????????????????? | | ??????????# # @ #???????????????????? | | ??????????# !!! # #???????????????????? | | ??????????#* !!! + #???????????????????? | | ??????????# !! #s [ #???????????????????? | | ??????????# # s #???????????????????? | | ??????????# ?### ###???????????????????? | | ??????????######???#Y#########?????????????? | | ??????????????????##s## ! #?????????????? | | ??????????????????# # #? ???????????? | | ??????????????????# T / #? ???????????? | | ??????????????????# o# #? ???????????? | | ??????????????????## ## #? ???????????? | | ???????????????????# ## ## #??????????? | | ???????????????????# ########## #?###??????? | | ???????????????????# # # #?! ???????? | | ???????????????????+ / # #? ?????? | | ???????????????????# # # #? """ ????? | | ???????????????????# + # #? """ ????? | | ???????????????????# # # #? ""??????? | | ???????????????????# # =[=# ## ???????? | | ???????????????????# ####=#[!=#*########## | | ???????????????????# * !%**=]]=%!*! | | ???????????????????# *![=%]%[!][!!%! | | ???????????????????# !!![=[=][!%[%|= | | ???????????????????####"###!!!=*%*%[=#####?? | +----------------------------------------------------+ Best States ------------- Heat Dissipation 31 Energy Generation 10 Energy Capacity 250 Matter Stores 300 Matter Capacity 300 Sight Range 16 Terrain Scan Density 10 Armor Coverage 150 Power Shielding 33 Evasion (%) 63 Item Schematics ----------------- None Robot Schematics ------------------ None Fabricated ------------ Nothing Repaired ---------- Nothing Studied --------- None Alien Tech Used ----------------- None Achievements -------------- None Challenges ------------ None Game ------ Seed InterceptGhostChip Manual? 0 Play Time 00:14:26 Cumulative 58.6 hours Start 2026.01.09 @ 13:16:18 End 2026.01.09 @ 13:30:00 Sessions 1 Manual Loads 0 Difficulty Rogue Special Mode None Game No. 215 Rogue 215 Adventurer 0 Explorer 0 Win Type - Total 0 Types 0/0/0/0/0/0/0/0/0/0 Lore% 14 Gallery% 40 Achievement% 27 Wizard Run 0 Options --------- Layout 1 ASCII 0 Keyboard 1 Movement Vi Keybinds 0 Fullscreen 1 Font 24/Smallcaps Map View 50x35 Zoom Use 0% Tactical HUD 1 Map Filters NONE Filters NONE Steam 1 RUN: 61a23111-8307-4266-8eea-a990bb17fb06